TOP OF THE 1ST |
Roswell Invaders batting - Pitching for Kelowna Heat : LHP Jordan Ruiz
|
Pitching: LHP Jordan Ruiz
|
|
Batting: LHB Danny Salas
|
0-0: Swinging Strike 0-1: Ball 1-1: Ball 2-1: Swinging Strike 2-2: Strikes out swinging
|
Batting: RHB Chris Jones
|
0-0: Ball 1-0: Foul Ball, location: 2F 1-1: Single, Error in OF, E8, batter to second base (Groundball, 6MD, EV 101.2 MPH)
|
Batting: RHB Cesar Rendon
|
0-0: Called Strike 0-1: Ball 1-1: Called Strike 1-2: Fly out, F7 (Flyball, 7, EV 92.5 MPH)
|
Batting: RHB Jimmy McIntosh
|
0-0: Fly out, F9 (Flyball, 89M, EV 85.6 MPH)
|
Top of the 1st over - 0 runs, 1 hit, 1 error, 1 left on base; Roswell 0 - Kelowna 0 |
BOTTOM OF THE 1ST |
Kelowna Heat batting - Pitching for Roswell Invaders : RHP Sam Lewis
|
Pitching: RHP Sam Lewis
|
|
Batting: LHB Mason Duffy
|
0-0: Fly out, F8 (Line Drive, 8LD, EV 83.8 MPH)
|
Batting: RHB Tony Harper
|
0-0: Ball 1-0: Ground out 6-3 (Groundball, 6MD, EV 98.1 MPH)
|
Batting: LHB Mike Roberts
|
0-0: Called Strike 0-1: Ball 1-1: Swinging Strike 1-2: Foul Ball, location: 2F 1-2: Foul Ball, location: 2F 1-2: Ball 2-2: Ball 3-2: Ground out 6-3 (Groundball, 6, EV 82.5 MPH)
|
Bottom of the 1st over - 0 runs, 0 hits, 0 errors, 0 left on base; Roswell 0 - Kelowna 0 |
TOP OF THE 2ND |
Roswell Invaders batting - Pitching for Kelowna Heat : LHP Jordan Ruiz
|
Batting: LHB Falco van Koeveringe
|
0-0: Called Strike 0-1: Called Strike 0-2: Strikes out swinging
|
Batting: RHB Hector Tabares
|
0-0: Called Strike 0-1: Foul Ball, location: 2F 0-2: Ball 1-2: Ball 2-2: Hit by Pitch
|
Batting: LHB Angelo Lira
|
0-0: Ball 1-0: Called Strike 1-1: Fly out, F7 (Flyball, 7LM, EV 83.8 MPH)
|
Batting: RHB Isaiah Hampton
|
0-0: Swinging Strike 0-1: Foul Ball, location: 2F 0-2: Strikes out looking
|
Top of the 2nd over - 0 runs, 0 hits, 0 errors, 1 left on base; Roswell 0 - Kelowna 0 |
BOTTOM OF THE 2ND |
Kelowna Heat batting - Pitching for Roswell Invaders : RHP Sam Lewis
|
Batting: RHB Zach Maguire
|
0-0: Ball 1-0: Called Strike 1-1: Ball 2-1: Ball 3-1: Base on Balls
|
Batting: RHB Josh Truell
|
0-0: Called Strike 0-1: Foul Ball, location: 2F 0-2: Ball 1-2: Strikes out swinging
|
Batting: RHB Ryan Roberts
|
0-0: Ball 1-0: Fly out, F6 (Popup, 6M, EV 76.9 MPH)
|
Batting: RHB Malik Sharpless
|
0-0: Ball 1-0: Fly out, F6 (Line Drive, 6D, EV 69.4 MPH)
|
Bottom of the 2nd over - 0 runs, 0 hits, 0 errors, 1 left on base; Roswell 0 - Kelowna 0 |
TOP OF THE 3RD |
Roswell Invaders batting - Pitching for Kelowna Heat : LHP Jordan Ruiz
|
Batting: RHB Devon House
|
0-0: Foul Ball, location: 2F 0-1: Foul Ball, location: 2F 0-2: Ball 1-2: Fly out, F4 (Flyball, 4MD, EV 86.2 MPH)
|
Batting: LHB Danny Salas
|
0-0: Ball 1-0: Called Strike 1-1: Foul Ball, location: 2F 1-2: Strikes out swinging
|
Batting: RHB Chris Jones
|
0-0: Ground out 5-3 (Groundball, 56, EV 106.2 MPH)
|
Top of the 3rd over - 0 runs, 0 hits, 0 errors, 0 left on base; Roswell 0 - Kelowna 0 |
BOTTOM OF THE 3RD |
Kelowna Heat batting - Pitching for Roswell Invaders : RHP Sam Lewis
|
Batting: RHB Vinny Torres
|
0-0: Ball 1-0: Swinging Strike 1-1: Swinging Strike 1-2: Foul Ball, location: 2F 1-2: Strikes out swinging
|
Batting: RHB Armando Ramirez
|
0-0: Ground out 3-1 (Groundball, 34S, EV 83.8 MPH)
|
Batting: LHB Mason Duffy
|
0-0: Called Strike 0-1: Ball 1-1: Ball 2-1: Ball 3-1: Base on Balls
|
Batting: RHB Tony Harper
|
0-0: Ball 1-0: Ball 2-0: Ball 3-0: Called Strike 3-1: Base on Balls Mason Duffy to second
|
Batting: LHB Mike Roberts
|
0-0: Swinging Strike 0-1: Ground out 5-3 (Groundball, 56S, EV 75.0 MPH)
|
Bottom of the 3rd over - 0 runs, 0 hits, 0 errors, 2 left on base; Roswell 0 - Kelowna 0 |
TOP OF THE 4TH |
Roswell Invaders batting - Pitching for Kelowna Heat : LHP Jordan Ruiz
|
Batting: RHB Cesar Rendon
|
0-0: Foul Ball, location: 2F 0-1: Called Strike 0-2: SINGLE (Line Drive, 7S, EV 96.2 MPH)
|
Batting: RHB Jimmy McIntosh
|
0-0: Ball 1-0: Grounds into double play, 5-4-3 (Groundball, 56S, EV 83.1 MPH)
|
Batting: LHB Falco van Koeveringe
|
0-0: Ball 1-0: Called Strike 1-1: Swinging Strike 1-2: Ball 2-2: Strikes out looking
|
Top of the 4th over - 0 runs, 1 hit, 0 errors, 0 left on base; Roswell 0 - Kelowna 0 |
BOTTOM OF THE 4TH |
Kelowna Heat batting - Pitching for Roswell Invaders : RHP Sam Lewis
|
Batting: RHB Zach Maguire
|
0-0: Ball 1-0: Swinging Strike 1-1: Foul Ball, location: 2F 1-2: Strikes out looking
|
Batting: RHB Josh Truell
|
0-0: Ball 1-0: Ground out 4-3 (Groundball, 34, EV 85.0 MPH)
|
Batting: RHB Ryan Roberts
|
0-0: Called Strike 0-1: Ball 1-1: Ball 2-1: Ball 3-1: Fly out, F8 (Flyball, 78S, EV 90.6 MPH)
|
Bottom of the 4th over - 0 runs, 0 hits, 0 errors, 0 left on base; Roswell 0 - Kelowna 0 |
TOP OF THE 5TH |
Roswell Invaders batting - Pitching for Kelowna Heat : LHP Jordan Ruiz
|
Batting: RHB Hector Tabares
|
0-0: Swinging Strike 0-1: Ball 1-1: Foul Ball, location: 2F 1-2: Ball 2-2: Ball 3-2: Foul Ball, location: 2F 3-2: SINGLE (Line Drive, 89S, EV 98.1 MPH)
|
Batting: LHB Angelo Lira
|
0-0: Called Strike 0-1: Ball 1-1: Ball 2-1: Foul Ball, location: 2F 2-2: Strikes out swinging
|
Batting: RHB Isaiah Hampton
|
0-0: Ball 1-0: Fielders Choice at 2nd, 6-4 (Groundball, 6, EV 78.8 MPH)
|
Batting: RHB Devon House
|
0-0: Ball 1-0: Called Strike 1-1: Foul Ball, location: 2F 1-2: Ball Passed Ball! Isaiah Hampton to second 2-2: Strikes out swinging
|
Top of the 5th over - 0 runs, 1 hit, 0 errors, 1 left on base; Roswell 0 - Kelowna 0 |
BOTTOM OF THE 5TH |
Kelowna Heat batting - Pitching for Roswell Invaders : RHP Sam Lewis
|
Batting: RHB Malik Sharpless
|
0-0: Foul Ball, location: 2F 0-1: Ball 1-1: Swinging Strike 1-2: Foul Ball, location: 2F 1-2: Strikes out swinging
|
Batting: RHB Vinny Torres
|
0-0: Called Strike 0-1: Foul Ball, location: 2F 0-2: SINGLE (Line Drive, 9S, EV 103.1 MPH)
|
Batting: RHB Armando Ramirez
|
0-0: Called Strike 0-1: Ball 1-1: Swinging Strike Passed Ball! Vinny Torres to second 1-2: Foul Ball, location: 2F 1-2: Ball 2-2: SINGLE (Line Drive, 7LS, EV 96.2 MPH) Vinny Torres to third Runner from 3rd tries for Home, SAFE, throw by LF to home
|
Batting: LHB Mason Duffy
|
0-0: Fly out, F7 (Flyball, 7, EV 76.9 MPH)
|
Batting: RHB Tony Harper
|
0-0: Ball Armando Ramirez steals 2nd, throwing error, E2 Armando Ramirez to third 1-0: Ball 2-0: Ground out 5-3 (Groundball, 56S, EV 79.4 MPH)
|
Bottom of the 5th over - 1 run, 2 hits, 1 error, 1 left on base; Roswell 0 - Kelowna 1 |
TOP OF THE 6TH |
Roswell Invaders batting - Pitching for Kelowna Heat : LHP Jordan Ruiz
|
Batting: LHB Danny Salas
|
0-0: Called Strike 0-1: Ball 1-1: Swinging Strike 1-2: Ball 2-2: Foul Ball, location: 2F 2-2: Strikes out swinging
|
Batting: RHB Chris Jones
|
0-0: Ball 1-0: Ball 2-0: Foul Ball, location: 2F 2-1: Ball 3-1: Base on Balls
|
Batting: RHB Cesar Rendon
|
0-0: Grounds into double play, 3-6-3 (Groundball, 34, EV 98.8 MPH)
|
Top of the 6th over - 0 runs, 0 hits, 0 errors, 0 left on base; Roswell 0 - Kelowna 1 |
BOTTOM OF THE 6TH |
Kelowna Heat batting - Pitching for Roswell Invaders : RHP Sam Lewis
|
Batting: LHB Mike Roberts
|
0-0: Ball 1-0: Ball 2-0: Foul Ball, location: 2F 2-1: Ball 3-1: Foul Ball, location: 2F 3-2: Fly out, F6 (Popup, 6, EV 65.0 MPH)
|
Batting: RHB Zach Maguire
|
0-0: Foul Ball, location: 2F 0-1: Ball 1-1: Ball 2-1: Foul Ball, location: 2F 2-2: Ball 3-2: Base on Balls
|
Pitching: LHP Sam Davis
|
|
Batting: RHB Josh Truell
|
0-0: Grounds into double play, 6-4-3 (Groundball, 6, EV 83.1 MPH)
|
Bottom of the 6th over - 0 runs, 0 hits, 0 errors, 0 left on base; Roswell 0 - Kelowna 1 |
TOP OF THE 7TH |
Roswell Invaders batting - Pitching for Kelowna Heat : LHP Jordan Ruiz
|
Batting: RHB Jimmy McIntosh
|
0-0: Swinging Strike 0-1: Hit by Pitch
|
Batting: LHB Falco van Koeveringe
|
0-0: Ball Wild Pitch! Jimmy McIntosh to second 1-0: Ball 2-0: Foul Ball, location: 2F 2-1: DOUBLE (Flyball, 8LXD, EV 100.6 MPH) Jimmy McIntosh scores
|
Batting: RHB Hector Tabares
|
0-0: Intentional Walk
|
Pitching: LHP Ricky Coats
|
|
Batting: LHB Angelo Lira
|
0-0: Ground out U3 (Groundball, 3, EV 77.5 MPH) Falco van Koeveringe to third Hector Tabares to second
|
Batting: RHB Jose Cuellar
|
0-0: Intentional Walk
|
Pinch Hitting: RHB Carlos Gonzalez
|
0-0: Grounds into fielders choice 5-2 (Groundball, 56S, EV 84.4 MPH) Hector Tabares to third Jose Cuellar to second
|
Batting: LHB Danny Salas
|
0-0: Called Strike 0-1: Foul Ball, location: 2F 0-2: Ball 1-2: Ball 2-2: Ground out 4-3 (Groundball, 4, EV 85.6 MPH)
|
Top of the 7th over - 1 run, 1 hit, 0 errors, 3 left on base; Roswell 1 - Kelowna 1 |
BOTTOM OF THE 7TH |
Kelowna Heat batting - Pitching for Roswell Invaders : LHP Sam Davis
|
Now at 3B: Carlos Gonzalez
|
|
Batting: RHB Ryan Roberts
|
0-0: Ground out 5-3 (Groundball, 56, EV 104.4 MPH)
|
Batting: RHB Malik Sharpless
|
0-0: Called Strike 0-1: Foul Ball, location: 2F 0-2: Ball 1-2: Fly out, F5 (Popup, 5L, EV 67.5 MPH)
|
Batting: RHB Vinny Torres
|
0-0: Called Strike 0-1: Ball 1-1: SOLO HOME RUN (Line Drive, 7D, EV 100.6 MPH), Distance : 403 ft
|
Batting: RHB Armando Ramirez
|
0-0: Ball 1-0: Called Strike 1-1: Called Strike 1-2: Fly out, F9 (Flyball, 9, EV 91.2 MPH)
|
Bottom of the 7th over - 1 run, 1 hit, 0 errors, 0 left on base; Roswell 1 - Kelowna 2 |
TOP OF THE 8TH |
Roswell Invaders batting - Pitching for Kelowna Heat : LHP Ricky Coats
|
Batting: RHB Chris Jones
|
0-0: Ball 1-0: Ball 2-0: Called Strike 2-1: SINGLE (Line Drive, 7S, EV 104.4 MPH)
|
Pitching: RHP Jonathan Fritzinger
|
|
Batting: RHB Cesar Rendon
|
0-0: Called Strike 0-1: Foul Ball, location: 2F 0-2: Ball Passed Ball! Chris Jones to second 1-2: Strikes out swinging
|
Batting: RHB Jimmy McIntosh
|
0-0: Called Strike 0-1: Ball 1-1: Foul Ball, location: 2F 1-2: Ball Passed Ball! Chris Jones to third 2-2: Ball 3-2: Fly out, F7 (Flyball, 78D, EV 98.8 MPH) Runner from 3rd tags up, SCORES, throw by LF
|
Batting: LHB Falco van Koeveringe
|
0-0: Ground out 4-3 (Groundball, 4, EV 85.0 MPH)
|
Top of the 8th over - 1 run, 1 hit, 0 errors, 0 left on base; Roswell 2 - Kelowna 2 |
BOTTOM OF THE 8TH |
Kelowna Heat batting - Pitching for Roswell Invaders : LHP Sam Davis
|
Batting: LHB Mason Duffy
|
0-0: Ball 1-0: Called Strike 1-1: Fly out, F8 (Flyball, 8RXD, EV 96.2 MPH)
|
Batting: RHB Tony Harper
|
0-0: Foul Ball, location: 2F 0-1: SINGLE (Groundball, 6MD, EV 107.5 MPH)
|
Pinch Hitting: RHB Jaime Rios
|
0-0: Called Strike 0-1: Ball 1-1: Ball 2-1: SINGLE (Flyball, 5D, EV 86.2 MPH) Tony Harper to second
|
Batting: RHB Zach Maguire
|
0-0: Foul Ball, location: 2F 0-1: Swinging Strike 0-2: Ball 1-2: Foul Ball, location: 2F 1-2: Ball 2-2: Ball 3-2: Strikes out looking
|
Batting: RHB Josh Truell
|
0-0: Ball 1-0: Ball 2-0: Called Strike 2-1: Ball 3-1: Fly out, F8 (Line Drive, 8LM, EV 96.9 MPH)
|
Bottom of the 8th over - 0 runs, 2 hits, 0 errors, 2 left on base; Roswell 2 - Kelowna 2 |
TOP OF THE 9TH |
Roswell Invaders batting - Pitching for Kelowna Heat : RHP Jonathan Fritzinger
|
Now at 1B: Chris West
|
|
Batting: RHB Hector Tabares
|
0-0: Fly out, F8 (Line Drive, 8LD, EV 100.6 MPH)
|
Batting: LHB Angelo Lira
|
0-0: Ground out 6-3 (Groundball, 6M, EV 85.6 MPH)
|
Batting: RHB David Powell
|
0-0: Swinging Strike 0-1: Foul Ball, location: 2F 0-2: Strikes out swinging
|
Top of the 9th over - 0 runs, 0 hits, 0 errors, 0 left on base; Roswell 2 - Kelowna 2 |
BOTTOM OF THE 9TH |
Kelowna Heat batting - Pitching for Roswell Invaders : LHP Sam Davis
|
Batting: RHB Ryan Roberts
|
0-0: Called Strike 0-1: Ball 1-1: Ball 2-1: Ball 3-1: Foul Ball, location: 2F 3-2: Foul Ball, location: 2F 3-2: Foul Ball, location: 2F 3-2: Base on Balls
|
Batting: RHB Malik Sharpless
|
0-0: Bunted foul 0-1: Sac Bunt to 15 - play at first, batter OUT! 1-3 Ryan Roberts to second
|
Batting: RHB Vinny Torres
|
0-0: Intentional Walk
|
Batting: RHB Armando Ramirez
|
0-0: Ball 1-0: Foul Ball, location: 2F 1-1: Swinging Strike 1-2: Ball 2-2: Strikes out looking
|
Batting: LHB Mason Duffy
|
0-0: Called Strike 0-1: Called Strike 0-2: Foul Ball, location: 2F 0-2: Ball 1-2: Foul Ball, location: 2F Balk! Ryan Roberts to third Vinny Torres to second 1-2: Foul Ball, location: 2F 1-2: Strikes out swinging
|
Bottom of the 9th over - 0 runs, 0 hits, 0 errors, 2 left on base; Roswell 2 - Kelowna 2 |
TOP OF THE 10TH |
Roswell Invaders batting - Pitching for Kelowna Heat : RHP Jonathan Fritzinger
|
Pitching: RHP Wally Dethridge
|
|
Batting: RHB Carlos Gonzalez
|
0-0: Called Strike 0-1: Ball 1-1: Called Strike 1-2: Strikes out swinging
|
Batting: LHB Danny Salas
|
0-0: Ball 1-0: Ball 2-0: Ball 3-0: Base on Balls
|
Batting: RHB Chris Jones
|
0-0: Foul Ball, location: 2F 0-1: Ball 1-1: Foul Ball, location: 2F 1-2: Grounds into double play, 5-4-3 (Groundball, 56, EV 98.8 MPH)
|
Top of the 10th over - 0 runs, 0 hits, 0 errors, 0 left on base; Roswell 2 - Kelowna 2 |
BOTTOM OF THE 10TH |
Kelowna Heat batting - Pitching for Roswell Invaders : LHP Sam Davis
|
Batting: RHB Tony Harper
|
0-0: Ball 1-0: Ball 2-0: Called Strike 2-1: Called Strike 2-2: Fly out, F7 (Flyball, 7, EV 93.8 MPH)
|
Pitching: LHP Ricky Ramirez
|
|
Batting: LHB Chris West
|
0-0: Ball 1-0: Called Strike 1-1: Foul Ball, location: 2F 1-2: Ball 2-2: SINGLE (Groundball, 34D, EV 102.5 MPH)
|
Batting: RHB Zach Maguire
|
0-0: Called Strike 0-1: 2-RUN HOME RUN (Flyball, 8RXD, EV 111.9 MPH), Distance : 459 ft
|
Bottom of the 10th over - 2 runs, 2 hits, 0 errors, 0 left on base; Roswell 2 - Kelowna 4 |
|